 Dungeon Crawl Stone Soup version 0.31.0-11-ge490571c62 (webtiles) character file.

Game seed: 15346246114447367133

121 qw the Shooter (level 4, -2/23 HPs)
             Began as a Spriggan Hunter on Feb 4, 2024.
             Slain by a hobgoblin (4 damage)
             ... led by Robin
             ... on level 3 of the Dungeon.
             The game lasted 00:00:06 (1699 turns).

qw the Shooter (Spriggan Hunter)                    Turns: 1699, Time: 00:00:07

Health: -2/23      AC:  2    Str:  7    XL:     4   Next: 76%
Magic:  5/5        EV: 20    Int: 10    God:
Gold:   141        SH:  0    Dex: 20    Spells: 3/3 levels left

rFire   . . .        a - +0 shortbow
rCold   . . .        (shield currently unavailable)
rNeg    . . .        c - +0 robe
rPois   .            (helmet restricted)
rElec   .            (no cloak)
rCorr   .            (gloves unavailable)
SInv    +            (boots unavailable)
Will    .....        (no amulet)
Stlth   ++           (no ring)
HPRegen 0.23/turn    (no ring)
MPRegen 0.09/turn

%: no passive effects
@: very quick
A: very small, no large weapons, unfitting armour, see invisible, speed 3
a: no special abilities


You were on level 3 of the Dungeon.
You visited 1 branch of the dungeon, and saw 3 of its levels.

You collected 141 gold pieces.


Innate Abilities, Weirdness & Mutations

You are very small and have problems with some larger weapons.
You are too small for most types of armour.
You have supernaturally acute eyesight. (SInv)
You cover ground extremely quickly. (Speed+++)


   Skills:
 - Level 2.0 Fighting
 + Level 5.0 Ranged Weapons
 - Level 5.0 Dodging
 - Level 1.5 Stealth


You had 3 spell levels left.
You didn't know any spells.
Your spell library was empty.

Inventory:

Hand Weapons
 a - a +0 shortbow (weapon)
Armour
 c - a +0 robe (worn)
Jewellery
 g - a ring of ice
Scrolls
 b - a scroll of fog {unknown}
Potions
 d - a potion of mutation
 e - a potion of heal wounds {unknown}
 f - a potion of curing {unknown}
 h - a potion of might {unknown}
 i - a potion of enlightenment {unknown}
 k - a potion of haste

Dungeon Overview and Level Annotations

Branches:
Dungeon (3/15)

Altars:
Nemelex Xobeh
Sif Muna

Shops:
D:1 *

Annotations:
D:3 Robin


Message History

The hobgoblin closely misses you.
A goblin comes into view. It is wielding a +0 club.
The goblin closely misses you.
The ball python completely misses you. x2
You shoot an arrow. The goblin shouts!
The arrow hits the goblin.
You kill the goblin!
The ball python completely misses you. The ball python closely misses you.
A goblin comes into view. It is wielding a +0 dagger.
The goblin hits you but does no damage. The hobgoblin hits you.
The hobgoblin closely misses you.
You shoot an arrow. The arrow hits the hobgoblin.
The hobgoblin is lightly wounded.
The ball python closely misses you. The ball python completely misses you.
The hobgoblin barely misses you. The goblin misses you.
Robin throws the goblin at you! The hobgoblin completely misses you.
The goblin hits you with a +0 club.
You shoot an arrow.
The arrow completely misses the hobgoblin.
The ball python closely misses you. The ball python misses you.
The hobgoblin misses you. The goblin hits you with a +0 club.
The hobgoblin completely misses you. The goblin misses you.
The ball python misses you. The ball python closely misses you.
You shoot an arrow. The arrow hits the hobgoblin.
The hobgoblin is heavily wounded.
A ball python comes into view.
The goblin misses you. The hobgoblin closely misses you.
The goblin closely misses you. The ball python bites you.
The ball python closely misses you.
You shoot an arrow. The arrow barely misses the hobgoblin.
The ball python hisses angrily.
The ball python completely misses you. The ball python barely misses you.
The hobgoblin completely misses you. The goblin completely misses you. x2
The hobgoblin hits you but does no damage.
The goblin misses you.
You shoot an arrow. The arrow barely misses the hobgoblin.
The ball python completely misses you. The ball python misses you.
The hobgoblin barely misses you. The goblin hits you with a +0 club.
The hobgoblin hits you.
You die...

...##...# #.# #....
...8#...# #.####....
...##...########.........
..8##..........######....
_## #..........# #....
#..........# #....
.######.......#######.##
.......gg.............).
.######@g.....#######.##
......Sggg..... ......
..S....g#g##### .....##
........#.# #.#....#
........#.g # #.#.##
####.#.##.gg #.#. #.#.
... # #. .... ...


You could see Robin, 3 hobgoblins, 7 goblins and 2 ball pythons.

Vanquished Creatures
  5 adders
  2 dart slugs
  4 orcs (D:3)
  4 endoplasms
  10 goblins
  3 hobgoblins
  6 jackals (D:1)
  4 kobolds
  5 quokkas
  7 ball pythons
  5 bats
  A frilled lizard (D:1)
  7 rats
63 creatures vanquished.

Notes
Turn   | Place    | Note
-------+----------+-------------------------------------------
     0 | D:1      | qw the Spriggan Hunter began the quest for the Orb.
     0 | D:1      | Reached XP level 1. HP: 10/10 MP: 2/2
     0 | D:1      | 0 ||| qw: Version: 0.3-a-160-g6735b56
     0 | D:1      | 0 ||| qw: Game counter: 5778
     0 | D:1      | 0 ||| qw: Melee chars always use a shield: true
     0 | D:1      | 0 ||| qw: God list: Okawaru
     0 | D:1      | 0 ||| qw: Allow faded altars: false
     0 | D:1      | 0 ||| qw: Do Orc after clearing Dungeon:15 true
     0 | D:1      | 0 ||| qw: Do second Lair branch before Depths: true
     0 | D:1      | 0 ||| qw: Lair rune preference: random
     0 | D:1      | 0 ||| qw: Goals: Normal
     0 | D:1      | 0 ||| PLANNING D:1-11
   106 | D:1      | Reached skill level 3 in Dodging
   122 | D:1      | Reached XP level 2. HP: 9/14 MP: 3/3
   142 | D:1      | Found Isyih's Assorted Antiques.
   146 | D:1      | 146 ||| SHOPLISTING blue potion (23 gold, have 0).
   146 | D:1      | 146 ||| SHOPLISTING golden potion (23 gold, have 0).
   146 | D:1      | 146 ||| SHOPLISTING puce potion (23 gold, have 0).
   146 | D:1      | 146 ||| SHOPLISTING scroll labelled DIGHO GAOTEG (26 gold,
                  | have 0).
   146 | D:1      | 146 ||| SHOPLISTING scroll labelled NYT MOINEAPE (26 gold,
                  | have 0).
   146 | D:1      | 146 ||| SHOPLISTING yellow potion (23 gold, have 0).
   529 | D:1      | Found a faded altar of an unknown god.
   666 | D:1      | Reached XP level 3. HP: 18/18 MP: 4/4
   765 | D:1      | 765 ||| READING scroll labelled NYT MOINEAPE.
   766 | D:1      | 766 ||| DROPPING scroll of butterflies.
  1108 | D:2      | Reached XP level 4. HP: 19/22 MP: 5/5
  1116 | D:2      | 1116 ||| FLEEEEING.
  1351 | D:2      | 1351 ||| READING 2 scrolls labelled DIGHO GAOTEG.
  1351 | D:2      | 1351 ||| IDENTIFYING grey potion
  1352 | D:2      | 1352 ||| READING scroll of identify.
  1352 | D:2      | 1352 ||| IDENTIFYING blue potion
  1353 | D:2      | 1353 ||| READING 2 scrolls labelled YTEIDA CAKO.
  1354 | D:2      | 1354 ||| READING scroll labelled GIDYENEXAC.
  1355 | D:2      | 1355 ||| DRINKING 2 smoky black potions.
  1356 | D:2      | 1356 ||| DROPPING potion of degeneration.
  1357 | D:2      | 1357 ||| DROPPING scroll of revelation.
  1359 | D:2      | 1359 ||| Stepping ~*~*~tactically~*~*~ (cloud).
  1652 | D:3      | Found a shimmering blue altar of Sif Muna.
  1656 | D:3      | Found a sparkling altar of Nemelex Xobeh.
  1691 | D:3      | Noticed Robin
  1696 | D:3      | HP: 5/23 [goblin/+0 club[Robin] (6)]
  1699 | D:3      | HP: 2/23 [goblin/+0 club[Robin] (3)]
  1699 | D:3      | Slain by a hobgoblin

Levels and vault maps discovered:
D:1:      matt_arrival_los_fun, layout_loops_cross,
          hellmonk_ecumenical_altar_zigzags, serial_shops, shop
D:2:      layout_rooms, minmay_octomino_e4
D:3:      cheibrodos_pilgrimage, layout_basic, nicolae_overflow_hidden_temple,
          interstate_on_off, glass_columns_a, uniq_crazy_yiuf_cottage,
          uniq_robin

Skill      XL: |  1  2  3  4 |
---------------+-------------+-----
Dodging        | 3 4 5 |  5.0
Ranged Weapons | 5 |  5.0
Fighting       | 2 |  2.0
Stealth        | |  1.5

Action                     |  1- 3 |  4- 6 || total
---------------------------+-------+-------++-------
   Fire: Shortbow          |   125 |    73 ||   198
    Use: Scroll            |     1 |     4 ||     5
         Potion            |       |     1 ||     1
 Armour: Robe              |    14 |    19 ||    33
  Dodge: Dodged            |    41 |    87 ||   128

Table legend:
 A = Non-vault XP
 B = Vault XP
 C = Vault XP percentage of total XP
 D = Non-vault monster count
 E = Vault monster count
 F = Vault count percentage of total count
                 A         B        C        D         E       F
            +---------+---------+-------+---------+---------+-------
      Total |     159 |      14 |   8.1 |      57 |       6 |   9.5
            +---------+---------+-------+---------+---------+-------
        D:1 |      46 |       0 |   0.0 |      29 |       0 |   0.0
        D:2 |      62 |      10 |  13.9 |      16 |       4 |  20.0
        D:3 |      51 |       4 |   7.3 |      12 |       2 |  14.3
            +---------+---------+-------+---------+---------+-------
